 Dungeon Crawl Stone Soup version 0.30-a0-4-ga7cffc901d (webtiles) character file.

Game seed: 13292113670151848912

708 slphil the Magician (level 7, -5/55 HPs)
             Began as a Mummy Necromancer on Aug 21, 2022.
             Killed from afar by a gnoll (10 damage)
             ... with an iceblast
             ... led by a gnoll bouda
             ... on level 5 of the Dungeon.
             The game lasted 00:09:40 (4375 turns).

slphil the Magician (Mummy Necromancer)             Turns: 4375, Time: 00:09:41

Health: -5/55      AC:  3    Str:  9    XL:     7   Next: 40%
Magic:  1/25       EV: 12    Int: 17    God:
Gold:   240        SH:  0    Dex: 12    Spells: 10/18 levels left

rFire   . . .      SeeInvis .    f - +4 dagger (venom)
rCold   + . .      Faith    .    (no shield)
rNeg    + + +      Spirit   .    a - +1 robe
rPois   ∞          Reflect  .    (no helmet)
rElec   +          Harm     .    d - scarf {repulsion}
rCorr   .          Rampage  .    (no gloves)
Will    .....                    (no boots)
Stlth   +++.......               (no amulet)
HPRegen 0.18/turn                i - ring "Qek Agot" {rElec rF+ Str-2 Stlth+}
MPRegen 0.19/turn                l - ring of magical power

@: repel missiles
A: cold resistance 1, negative energy resistance 3, torment resistance 2, heat
vulnerability 1, in touch with death 1, no potions
a: no special abilities


You were on level 5 of the Dungeon.
You visited 1 branch of the dungeon, and saw 5 of its levels.
You also visited: Sewer.

You collected 240 gold pieces.

Inventory:

Hand Weapons
 f - a +4 dagger of venom (weapon)
Armour
 a - a +1 robe (worn)
 d - a scarf of repulsion (worn)
Jewellery
 g - a ring of see invisible
 i - the ring "Qek Agot" (left hand) {rElec rF+ Str-2 Stlth+}
   (You found it on level 4 of the Dungeon)

   [ring of protection from fire]

   Str:       It affects your strength (-2).
   rF:        It protects you from fire.
   rElec:     It insulates you from electricity.
   Stlth:     It makes you more stealthy.
 l - a ring of magical power (right hand)
 m - a +4 ring of protection
Scrolls
 b - a scroll of amnesia
 c - a scroll of enchant armour
 e - 5 scrolls of vulnerability
 h - 4 scrolls of teleportation
 j - a scroll of magic mapping
 k - a scroll of immolation
 o - 2 scrolls of butterflies
 r - a scroll of fear


   Skills:
 + Level 4.5 Fighting
 - Level 1.5 Dodging
 - Level 1.5 Stealth
 + Level 6.2 Spellcasting
 + Level 6.2 Necromancy


You had 10 spell levels left.
You knew the following spells:

 Your Spells              Type           Power      Damage    Failure   Level
a - Necrotise             Necr           100%       1d9       1%          1
b - Vampiric Draining     Necr           39%        2d8       3%          3
c - Animate Dead          Necr           39%        N/A       10%         4

Your spell library contained the following spells:

 Spells                   Type           Power      Damage    Failure   Level
 Freeze                   Ice            20%        1d4       13%         1
 Agony                    Necr           39%        N/A       26%         5
 Call Canine Familiar     Summ           5%         N/A       36%         3
 Frozen Ramparts          Ice            10%        1d2       36%         3
 Portal Projectile        Hex/Tloc       10%        N/A       36%         3
 Hailstorm                Conj/Ice       5%         3d4       77%         4
 Leda's Liquefaction      Hex/Erth       2%         N/A       77%         4


Dungeon Overview and Level Annotations

Branches:
Dungeon (5/15)              Sewer (visited)
 Temple: D:4-7

Altars:

Shops:
D:4 :


Innate Abilities, Weirdness & Mutations

You are immune to poison.
Your flesh is cold resistant. (rC+)
You are immune to negative energy. (rN+++)
You are immune to unholy pain and torment.
You are vulnerable to heat. (rF-)
You are in touch with the powers of death.
You do not drink.


Message History

Aim: a gnoll bouda, wielding a +1 whip of distortion and wearing a +0 leather armour (almost dead)
You feel a surge of power!
You draw life force from the gnoll bouda!
You kill the gnoll bouda!
You feel life coursing into your body.
The gnoll is no longer moving quickly. x2
The gnoll barely misses you. The gnoll hits you with a +0 spear.
The gnoll hits you from afar with a +0 halberd!
Items here: $ )) = [ †.
Casting: Vampiric Draining (dangerous; 3% risk of failure)
Confirm with . or Enter, or press ? or * to list all spells.
Aiming: Vampiric Draining (dangerous; 3% risk of failure)
Press: ? - help, Shift-Dir - straight line, f - gnoll
Aim: a gnoll, wielding a +0 spear You feel a surge of power!
You draw life force from the gnoll!
You feel life coursing into your body. The gnoll hits you with a +0 spear.
The gnoll hits you from afar with a +0 halberd!
Unknown command.
Casting: Vampiric Draining (dangerous; 3% risk of failure)
Confirm with . or Enter, or press ? or * to list all spells.
Aiming: Vampiric Draining (dangerous; 3% risk of failure)
Press: ? - help, Shift-Dir - straight line, f/p - gnoll
Aim: a gnoll, wielding a +0 spear (heavily wounded)
You feel a surge of power!
You draw life force from the gnoll!
You kill the gnoll!
You feel life coursing into your body.
The gnoll zaps a wand.
The mass of ice explodes!
The iceblast engulfs you! You partially resist.
* * * LOW HITPOINT WARNING * * *
You hear a shout!
Unknown command.
You aren't carrying any items that you can evoke.
The gnoll zaps a wand.
The mass of ice explodes!
The iceblast engulfs you! You partially resist.
* * * LOW HITPOINT WARNING * * *
You hear a shout!
Unknown command.
Your attacks no longer feel as feeble.
The gnoll zaps a wand.
The mass of ice explodes!
The iceblast engulfs you! You partially resist.
You die...

####
#..###.............#
'..# ##............#
##.# #...######...#
#.# #..## #
#..###.## #..).#.#
#...# ##..##
#..@####
......#.....######
......######g))..#
##...# ####)..# #...
#).# #..# ...# #..
..# .## #


You could see a gnoll.

Vanquished Creatures
  Sigmund (D:5)
  2 kobold brigands (Sewer)
  A gnoll bouda (D:5)
  2 orc priests (D:5)
  2 hounds
  A jelly (D:5)
  An orc wizard (D:5)
  2 gnolls (D:5)
  7 adders
  2 river rats
  A shadow imp (D:4)
  An ufetubus (D:5)
  3 worms
  3 dart slugs
  5 orcs
  8 endoplasms
  A giant cockroach (D:4)
  4 goblins
  9 hobgoblins
  5 quokkas (D:4)
  8 ball pythons
  5 bats
  A frilled lizard (D:1)
  12 kobolds
  9 rats
96 creatures vanquished.

Vanquished Creatures (collateral kills)
  An orc (D:5)
  A bat (D:1)
2 creatures vanquished.

Vanquished Creatures (others)
  6 plants (D:5)
6 creatures vanquished.

Grand Total: 104 creatures vanquished

Notes
Turn   | Place    | Note
-------+----------+-------------------------------------------
     0 | D:1      | slphil the Mummy Necromancer began the quest for the Orb.
     0 | D:1      | Reached XP level 1. HP: 13/13 MP: 4/4
   401 | D:1      | Reached XP level 2. HP: 20/20 MP: 1/6
   418 | D:1      | Reached skill level 1 in Fighting
   890 | D:2      | Gained mutation: You are in touch with the powers of death.
                  | [Mummy growth]
   890 | D:2      | Reached XP level 3. HP: 26/26 MP: 0/7
   981 | D:2      | Learned a level 3 spell: Vampiric Draining
  1139 | D:2      | Found a faded altar of an unknown god.
  1954 | D:3      | Reached XP level 4. HP: 33/33 MP: 10/10
  1985 | D:3      | Learned a level 4 spell: Animate Dead
  2365 | D:4      | Found Sazxumm's Book Shoppe.
  2393 | D:4      | Identified the ring "Qek Agot" {rElec rF+ Str-2 Stlth+}
  2796 | D:4      | Found a glowing drain.
  2800 | Sewer    | Entered a sewer
  2804 | Sewer    | Noticed a kobold brigand
  2813 | Sewer    | Killed a kobold brigand
  2814 | Sewer    | Reached skill level 5 in Necromancy
  2814 | Sewer    | Reached XP level 5. HP: 22/40 MP: 12/12
  3187 | Sewer    | Reached skill level 5 in Spellcasting
  3187 | Sewer    | Reached XP level 6. HP: 42/47 MP: 13/13
  3756 | D:5      | Entered Level 5 of the Dungeon
  4172 | D:5      | Noticed Sigmund
  4183 | D:5      | Killed Sigmund
  4184 | D:5      | Reached XP level 7. HP: 32/55 MP: 16/16
  4375 | D:5      | Killed from afar by a gnoll

Illustrated notes

Levels and vault maps discovered:
D:1:      enne_arrival_octagon_isle, layout_rooms,
          minmay_misc_feat_secret_circle
D:2:      minmay_evil_eye, layout_basic, hellmonk_ecumenical_altar_zigzags,
          kennysheep_generic_room_10
D:3:      layout_basic
D:4:      layout_basic, gup_sewer_entry_spiral, serial_shops,
          nicolae_lakefront_shop
D:5:      corexii_shantytown, layout_layer_cave, lemuel_doored_altar,
          minmay_temple_entry_tees, serial_shops, shop, uniq_sigmund

Skill      XL: |  1  2  3  4  5  6 |
---------------+-------------------+-----
Spellcasting   | 3 4 5 6 |  6.2
Fighting       | 1 2 3 4 |  4.5
Necromancy     | 5 6 |  6.2
Dodging        | |  1.5
Stealth        | |  1.5

Action                   |  1- 3 |  4- 6 |  7- 9 || total
-------------------------+-------+-------+-------++-------
Melee: Unarmed           |     3 |       |       ||     3
       Dagger            |     4 |    42 |     3 ||    49
 Cast: Necrotise         |    76 |    94 |    17 ||   187
       Vampiric Draining |       |     4 |     4 ||     8
  Use: Scroll            |       |    15 |       ||    15
 Stab: Sleeping          |       |     4 |       ||     4
Armor: Robe              |     5 |     9 |     1 ||    15
Dodge: Dodged            |    13 |    43 |    11 ||    67
       Repelled          |     1 |       |       ||     1

Table legend: (Time is in decaauts)
 A = Elapsed time spent in this place.
 B = Non-inter-level travel time spent in this place.
 C = Inter-level travel time spent in this place.
 D = Time resting spent in this place.
 E = Time spent auto-exploring this place.
 F = Levels seen in this place.
 G = Mean time per level.
                   A        B        C        D        E       F      G
               +--------+--------+--------+--------+--------+-----+--------+
         Total |   4477 |   4260 |    217 |    351 |   3215 |   6 |  746.2 |
       Dungeon |   3814 |   3597 |    217 |    220 |   2803 |   5 |  762.8 |
         Sewer |    663 |    663 |      0 |    131 |    411 |   1 |  663.0 |
               +--------+--------+--------+--------+--------+-----+--------+

Top non-repeatable levels by time:
     D:4: 924 daAuts
     D:3: 874 daAuts
     D:2: 748 daAuts
     D:1: 730 daAuts
   Sewer: 663 daAuts
     D:5: 536 daAuts
